 Dungeon Crawl Stone Soup version 0.21.1-1-g345015f (webtiles) character file.

29 Lurcharcal the Ruffian (level 3, 0/28 HPs)
             Began as a Draconian Transmuter on May 28, 2018.
             Succumbed to an adder's poison
             ... on level 1 of the Dungeon.
             The game lasted 00:03:43 (929 turns).

Lurcharcal the Ruffian (Draconian Transmuter)        Turns: 929, Time: 00:03:43

Health: 0/28       AC:  5    Str: 13    XL:     3   Next: 1%
Magic:  5/6        EV: 12    Int: 13    God:
Gold:   26         SH:  0    Dex: 11    Spells: 5/6 levels left

rFire    . . .     SeeInvis .   f - +1 dagger (drain)
rCold    . . .     Gourm    .   (no shield)
rNeg     . . .     Faith    .   (armour unavailable)
rPois    .         Spirit   .   (helmet restricted)
rElec    .         Reflect  .   (no cloak)
rCorr    .         Harm     .   (no gloves)
MR       .....                  (no boots)
Stlth    +.........             (no amulet)
HPRegen  0.09/turn              (no ring)
MPRegen  0.10/turn              (no ring)

@: lethally poisoned (0 -> -4), appendage (expiring), drained
A: unfitting armour, horns 2, cold-blooded, AC +5
a: End Transformation


You were on level 1 of the Dungeon.
You were not hungry.
You had grown temporary horns.
You visited 1 branch of the dungeon, and saw 2 of its levels.

You collected 26 gold pieces.

Inventory:

Hand Weapons
 f - a +1 dagger of draining (weapon)
Missiles
 a - 12 arrows
Scrolls
 e - a scroll of remove curse {unknown}
 h - a scroll of fog {unknown}
 j - a scroll of random uselessness {unknown}
 k - a scroll of identify {unknown}
Potions
 d - a potion of mutation {unknown}
 g - a potion of flight {unknown}
 i - a potion of curing {unknown}
Books
 b - a book of Changes

   Spells                             Type                      Level
   a - Beastly Appendage              Transmutation                1
   b - Sticks to Snakes               Transmutation                2
   c - Spider Form                    Transmutation/Poison         3
   d - Ice Form                       Ice/Transmutation            4
   e - Blade Hands                    Transmutation                5
Comestibles
 c - a ration


   Skills:
 + Level 1.1(0.7) Fighting
 * Level 0.2(0.0) Short Blades
 + Level 2.1(1.6) Dodging
 - Level 3.4(2.9) Unarmed Combat
 + Level 2.2(1.7) Spellcasting
 * Level 2.4(1.9) Transmutations


You had 5 spell levels left.
You knew the following spells:

 Your Spells              Type           Power        Failure   Level  Hunger
a - Beastly Appendage     Tmut           #.....       12%         1    ##.....


Dungeon Overview and Level Annotations

Branches:
Dungeon (2/15)

Altars:


Innate Abilities, Weirdness & Mutations

Your plain brown scales are hard. (AC +5)
You cannot fit into any form of body armour.
You are cold-blooded and may be slowed by cold attacks.
You have a pair of horns on your head.


Message History

You hear a bark! x2
The adder bites you but does no damage. The goblin closely misses you.
The quokka completely misses you. The leopard gecko closely misses you.
The adder closely misses you. The leopard gecko closely misses you.
The adder bites you but does no damage.
There is a stone staircase leading up here.
You can't go down here!
You feel sick.
The quokka bites you but does no damage.
The adder completely misses you. The leopard gecko bites you.
* * * LOW HITPOINT WARNING * * *
The goblin completely misses you.
You climb upwards.
There is a stone staircase leading down here.
You miss the quokka. The quokka bites you.
* * * LOW HITPOINT WARNING * * *
The goblin closely misses you. The quokka barely misses you.
You hit the quokka. You headbutt the quokka.
The quokka is almost dead.
You die...

#.....# #...##..##
#.....#######.#....##..###
#.....'.......#....###....
###...#########.....######
###.# #.P...# #.#
#.♣...#P#### #.#
#...♣.#♣.'.P #.#
#######..♣P.#.P#.♣ #.#
#@gS..#.....####.. #.#
#r###.).....P.#P.. #.# #l#
#..P......'... #.# #.#
#...♣.♣...'..< #.# #.#
#.#.P.P...#...
##.###.###.......####..
#..#.............#P.#.P
#.##...###.....♣.#..'.P
###.##...###...♣...#♣####


You could see an adder, a leopard gecko, a quokka and a goblin.

Vanquished Creatures
  An adder (D:2)
  A dart slug (D:1)
  2 bats (D:1)
  A giant cockroach (D:1)
  2 goblins (D:1)
  4 hobgoblins (D:1)
  A kobold (D:1)
  5 rats (D:1)
17 creatures vanquished.

Notes
Turn   | Place    | Note
-------+----------+-------------------------------------------
     0 | D:1      | Lurcharcal the Draconian Transmuter began the quest for the Orb.
     0 | D:1      | Reached XP level 1. HP: 16/16 MP: 3/3
   204 | D:1      | Reached XP level 2. HP: 23/23 MP: 3/5
   923 | D:2      | Reached XP level 3. HP: 15/28 MP: 4/6
   928 | D:1      | HP: 1/28 [quokka (4)]
   929 | D:1      | Succumbed to an adder's poison

Skill      XL: |  1 |
---------------+----+-----
Dodging        | 2 |  2.1
Fighting       | |  1.1
Short Blades   | |  0.2
Unarmed Combat | |  3.4
Spellcasting   | |  2.2
Transmutations | |  2.4

Action                   || total
-------------------------++-------
Melee: Unarmed           ||    50
       Headbutt          ||     6
       Tailslap          ||     6
       Dagger            ||     9
       Kick              ||     3
 Cast: Beastly Appendage ||     8
Armor: Skin              ||    35
Dodge: Dodged            ||    73
